 Dungeon Crawl Stone Soup version 0.21-a0-154-gb5400c9 (webtiles) character file.

4533 AverageBear the Nimble (level 10, -3/54 HPs)
             Began as a Deep Elf Fighter on Aug 2, 2017.
             Was an Initiate of Ashenzari.
             Slain by a gnoll sergeant
             ... wielding a +0 halberd
              (14 damage)
             ... in a bailey.
             The game lasted 00:16:38 (10645 turns).

AverageBear the Nimble (Deep Elf Fighter)          Turns: 10645, Time: 00:16:39

Health: -3/54      AC: 17    Str: 16    XL:     10   Next: 17%
Magic:  12/12      EV: 19    Int: 14    God:    Ashenzari [......]
Gold:   295        SH:  5    Dex: 14    Spells: 9/9 levels left

rFire    + . .     SeeInvis .   a - +1 rapier
rCold    + . .     Gourm    .   o - +0 buckler
rNeg     . . .     Faith    .   y - +2 leather armour {rF+}
rPois    .         Spirit   .   (no helmet)
rElec    .         Reflect  .   k - +0 cloak
rCorr    .         Harm     .   v - +1 pair of gloves
MR       +....                  m - +2 pair of boots
Stlth    +.........             (no amulet)
HPRegen  0.18/turn              s - ring of protection from cold
MPRegen  0.13/turn              l - +3 ring of protection

@: no status effects
A: icy blue scales 1
a: Curse Item, Renounce Religion


You were in a bailey.
You worshipped Ashenzari.
Ashenzari was noncommittal.
You were hungry.

You visited 2 branches of the dungeon, and saw 9 of its levels.
You also visited: Bailey.

You collected 295 gold pieces.

Inventory:

Hand Weapons
 a - a +1 rapier (weapon)
 A - a +0 scimitar of flaming
Armour
 b - a +0 scale mail
 c - a +0 shield
 k - a +0 cloak (worn)
 m - a +2 pair of boots (worn)
 o - a +0 buckler (worn)
 p - the +1 robe of Refuge {rF- rN+++ MP+9 Str+6}
   (You found it on level 7 of the Dungeon)

   It affects your strength (+6).
   It makes you vulnerable to fire.
   It renders you almost immune to negative energy.
   It affects your magic capacity (+9).
 v - a +1 pair of gloves (worn)
 x - the +0 robe of the Unstoppable Allies {Str+7}
   (You found it on level 5 of the Dungeon)

   It affects your strength (+7).
 y - a +2 leather armour of fire resistance (worn)
Jewellery
 d - an uncursed ring of ice
 g - a +1 ring of protection
 l - a +3 ring of protection (right hand)
 r - an uncursed ring of ice
 s - a ring of protection from cold (left hand)
Wands
 j - a wand of flame (48/48)
 B - a wand of enslavement (6/24)
Scrolls
 e - 4 scrolls of remove curse
 n - a scroll of magic mapping
 w - 2 scrolls of holy word
Potions
 q - a potion of curing
 z - a potion of magic
Comestibles
 f - 6 bread rations
 h - 2 meat rations
 u - 2 royal jellies


   Skills:
 - Level 2.4 Fighting
 - Level 9.0 Short Blades
 - Level 5.0 Armour
 - Level 11.2 Dodging
 + Level 0.3 Stealth
 - Level 5.0 Shields


You had 9 spell levels left.
You didn't know any spells.

Dungeon Overview and Level Annotations

Branches:
Dungeon (8/15)             Temple (1/1) D:7
   Lair: D:8-11

Altars:
Ashenzari
Cheibriados
Dithmenos
Elyvilon
Fedhas
Gozag
Hepliaklqana
Kikubaaqudgha
Makhleb
Nemelex Xobeh
Okawaru
Qazlal
Ru
Sif Muna
Trog
Uskayaw
Vehumet
Wu Jian
Xom
Yredelemnul
Zin
The Shining One

Annotations:
D:4 qqqbard's ghost, novice GrBe


Innate Abilities, Weirdness & Mutations

You are partially covered in icy blue scales. (AC +2)


Message History

As you read the scroll of teleportation, it crumbles to dust.
You feel strangely unstable.
The gnoll sergeant completely misses you.
You block the gnoll's attack.
The gnoll shaman mumbles some strange prayers to its god against you.
You easily resist.
The gnoll sergeant misses you. x2
The gnoll hits you but does no damage. The gnoll sergeant misses you.
You puncture the gnoll!
The gnoll is severely wounded.
The gnoll sergeant barely misses you. The gnoll shaman barely misses you.
The gnoll shaman calls upon its god to heal the gnoll.
The gnoll is healed somewhat.
You block the gnoll shaman's attack. The gnoll misses you.
The gnoll sergeant misses you.
You hit the gnoll but do no damage.
The gnoll is moderately wounded.
Your surroundings suddenly seem different.
The gnoll shouts!
The gnoll sergeant shouts!
The gnoll shouts!
The gnoll throws a throwing net.
The throwing net completely misses you.
The gnoll sergeant hits you from afar with a halberd!
You die...

...#.ggg.# #..≈.♣♣
g..g.ggg.# #..≈..♣♣
.#####...# #..≈...♣
##...##..+ #gg≈...♣
#.....######..≈...♣♣
...$...#...'.g.....♣♣♣#
...8.ggg)..'..g...)).∩#
...$.gg#..g'.gg...)♣♣♣#
#.....######..≈.@.♣♣
##...# ..+ #..≈..♣♣
g#####...# #..≈..♣
..g.g....# #..≈..♣
.g.....gg# #..≈.♣♣
..g....8.# #..≈.♣
########## ..≈≈♣ ≈≈≈≈♣


You could see 2 gnoll sergeants, a gnoll shaman and 4 gnolls.

Vanquished Creatures
  Erica (D:7)
  Pikel (D:4)
  Sigmund (D:5)
  Eustachio (D:5)
  Duvessa (D:7)
  2 ice beasts
  2 orc warriors (D:7)
  A black bear (D:7)
  4 ogres
  A necrophage (D:7)
  A phantom (D:5)
  2 centaurs
  A gnoll sergeant (D:6)
  2 bullfrogs
  Dowan (D:7)
  3 killer bees (D:7)
  A howler monkey (D:6)
  3 crimson imps
  A bullfrog zombie (D:7)
  6 orc priests
  4 hounds
  2 jellies (D:7)
  3 bullfrog skeletons
  4 orc wizards
  A centaur skeleton (D:4)
  9 iguanas
  7 worker ants
  12 gnolls
  11 adders
  2 shadow imps
  2 oozes
  An adder zombie (D:6)
  3 worms
  A dart slug (D:2)
  4 leopard geckos
  16 orcs
  A ball python (D:3)
  5 giant cockroaches
  7 goblins
  6 hobgoblins
  7 jackals
  6 quokkas
  6 bats
  6 frilled lizards
  10 kobolds
  A leopard gecko zombie (D:5)
  A quokka zombie (D:5)
  11 rats
185 creatures vanquished.

Vanquished Creatures (others)
  2 slaves (D:4)
2 creatures vanquished.

Grand Total: 187 creatures vanquished

Notes
Turn   | Place    | Note
-------+----------+-------------------------------------------
     0 | D:1      | AverageBear the Deep Elf Fighter began the quest for the Orb.
     0 | D:1      | Reached XP level 1. HP: 13/13 MP: 3/3
   585 | D:1      | Reached XP level 2. HP: 14/18 MP: 4/4
  1299 | D:2      | Reached XP level 3. HP: 22/22 MP: 5/5
  1349 | D:2      | Reached XP level 4. HP: 19/27 MP: 6/6
  1492 | D:2      | Found a burning altar of Makhleb.
  1834 | D:2      | Reached skill level 5 in Short Blades
  2272 | D:2      | Reached XP level 5. HP: 31/31 MP: 7/7
  2313 | D:3      | Found a radiant altar of Vehumet.
  2349 | D:3      | Reached skill level 1 in Dodging
  2740 | D:3      | Reached skill level 2 in Dodging
  2955 | D:3      | Reached skill level 3 in Dodging
  3715 | D:3      | Reached XP level 6. HP: 14/36 MP: 8/8
  3720 | D:3      | Reached skill level 4 in Dodging
  4356 | D:4      | Noticed qqqbard's ghost (novice GrBe)
  4483 | D:4      | Reached skill level 5 in Dodging
  4527 | D:4      | Reached skill level 6 in Dodging
  4603 | D:4      | Noticed Pikel
  4603 | D:4      | Noticed a slave
  4603 | D:4      | Noticed a slave
  4606 | D:4      | Noticed a slave
  4608 | D:4      | Noticed a slave
  4651 | D:4      | Killed Pikel
  4651 | D:4      | Reached skill level 9 in Dodging
  4651 | D:4      | Reached XP level 7. HP: 27/40 MP: 9/9
  4881 | D:4      | Found a deep blue altar of Sif Muna.
  4892 | D:4      | Reached XP level 8. HP: 45/45 MP: 10/10
  5047 | D:5      | Entered Level 5 of the Dungeon
  5257 | D:5      | Noticed Sigmund
  5268 | D:5      | Found a glowing golden altar of the Shining One.
  5555 | D:5      | Found a hazy altar of Hepliaklqana.
  5732 | D:5      | Noticed Eustachio
  6742 | D:6      | Found a sacrificial altar of Ru.
  6821 | D:6      | HP: 2/45 [orc priest/divine providence (13)]
  7059 | D:6      | Found a blossoming altar of Fedhas.
  7295 | D:6      | Reached skill level 5 in Shields
  7654 | D:5      | Reached skill level 5 in Armour
  7654 | D:5      | Reached XP level 9. HP: 46/49 MP: 11/11
  7683 | D:5      | Found an iron altar of Okawaru.
  7727 | D:5      | Killed Sigmund
  7854 | D:5      | Got a heavily jewelled robe
  7871 | D:5      | Identified the cursed +0 robe of the Unstoppable Allies {Str+7} (You found it on level 5 of the Dungeon)
  7888 | D:5      | Found a hide-covered altar of Uskayaw.
  7913 | D:5      | Found a glowing silver altar of Zin.
  8065 | D:5      | Killed Eustachio
  8358 | D:7      | Found a snail-covered altar of Cheibriados.
  8532 | D:7      | Got a fine robe
  8556 | D:7      | Identified the +1 robe of Refuge {rF- rN+++ MP+9 Str+6} (You found it on level 7 of the Dungeon)
  8575 | D:7      | Noticed Duvessa
  8575 | D:7      | Noticed Dowan
  8595 | D:7      | Killed Duvessa
  8613 | D:7      | Killed Dowan
  8675 | D:7      | Found a staircase to the Ecumenical Temple.
  8682 | Temple   | Entered the Ecumenical Temple
  9034 | Temple   | Became a worshipper of Ashenzari the Shackled
  9192 | D:7      | Gained mutation: Your mind is acute. (Int +2) [potion of mutation]
  9192 | D:7      | Lost mutation: Your mind is acute. (Int +2) [potion of mutation]
  9192 | D:7      | Gained mutation: You are partially covered in icy blue scales. (AC +2) [potion of mutation]
  9361 | D:7      | Found a stormy altar of Qazlal.
  9765 | D:8      | Noticed Erica
  9799 | D:7      | Killed Erica
  9799 | D:7      | Reached skill level 10 in Dodging
  9799 | D:7      | Reached XP level 10. HP: 27/54 MP: 12/12
 10011 | D:7      | Reached skill level 11 in Dodging
 10313 | D:8      | Found a flagged portal.
 10330 | Bailey   | Entered a bailey
 10645 | Bailey   | Slain by a gnoll sergeant

Vault maps used:
D:1:      scummos_arrival_star
D:2:      old_standard_altar, due_unseen_surprise
D:3:      vehumet_crystals
D:4:      led_sif_pool, uniq_pikel
D:5:      lemuel_crystal_altar, overflow_temple_1_default, minitemple,
          first_bread, nicolae_tso_carved_into_rock, uniq_sigmund,
          uniq_eustachio
D:6:      lemuel_crystal_altar, nicolae_ru_great_annihilating_truth
D:7:      cheibriados_altar_1, lemuel_coloured_pillars_altar,
          minmay_temple_entry_nine_rooms, uniq_duvessa
D:8:      enter_bailey_3, uniq_erica
Temple:   hc_temple_tempest_star
Bailey:   bailey_polearm_gnolls_kennysheep, bailey

Skill      XL: |  1  2  3  4  5  6  7  8  9 10 |
---------------+-------------------------------+-----
Short Blades   | 3 4 5 9 |  9.0
Dodging        | 3 9 10 11 | 11.2
Armour         | 5 |  5.0
Shields        | 5 |  5.0
Fighting       | |  2.4
Stealth        | |  0.3

Action                   |  1- 3 |  4- 6 |  7- 9 | 10-12 || total
-------------------------+-------+-------+-------+-------++-------
Melee: Rapier            |   102 |   372 |   583 |   128 ||  1185
  Use: Potion            |     1 |     8 |     6 |     2 ||    17
       Scroll            |       |     8 |     7 |     2 ||    17
 Stab: Invisible         |       |     2 |       |       ||     2
       Paralysed         |       |       |     1 |       ||     1
  Eat: Chunk             |     1 |    11 |    15 |     3 ||    30
       Fruit             |       |       |     2 |       ||     2
Armor: Scale mail        |    37 |   190 |   153 |       ||   380
       Skin              |       |    15 |    11 |       ||    26
       Leather armour    |       |       |    27 |    54 ||    81
       Robe              |       |       |    13 |       ||    13
Dodge: Dodged            |    34 |    98 |   368 |   201 ||   701
Block: Shield            |    53 |   178 |    12 |       ||   243
       Buckler           |       |       |   122 |    71 ||   193
